 Dungeon Crawl Stone Soup version 0.18-a0-1186-gd02dc51 (webtiles) character file.

18 Chiseanne the Gusty (level 2, -8/24 HPs)
             Began as a Centaur Air Elementalist on Jan 28, 2016.
             Mangled by a gnoll
             ... wielding a +0 whip
              (9 damage)
             ... on level 1 of the Dungeon.
             The game lasted 00:01:12 (628 turns).

Chiseanne the Gusty (Centaur Air Elementalist)       Turns: 628, Time: 00:01:12

Health: -8/24      AC:  4    Str: 10    XL:     2   Next: 48%
Magic:  0/4        EV:  9    Int: 14    God:
Gold:   74         SH:  0    Dex:  9    Spells: 1 memorised, 3 levels left

rFire  . . .     SeeInvis .     h - +0 hand axe
rCold  . . .     Gourm    .     a - +0 robe
rNeg   . . .     Faith    .     (no shield)
rPois  .         Spirit   .     (no helmet)
rElec  .         Dismiss  .     (no cloak)
rCorr  .         Reflect  .     (no gloves)
SustAt .         Harm     .     (no barding)
MR     .....                    (no amulet)
Stlth  +.........               (no ring)
                                (no ring)

@: very slightly contaminated, very quick, not resistant to hostile
enchantments, very unstealthy
A: hooves 3, deformed body, speed 2, tough skin 3
a: no special abilities


You were on level 1 of the Dungeon.
You were not hungry.

You visited 1 branch of the dungeon, and saw 1 of its levels.

You collected 74 gold pieces.

Inventory:

Hand Weapons
 d - a +0 whip
 h - a +0 hand axe (weapon)
Missiles
 f - 26 sling bullets
 l - 3 javelins (quivered)
Armour
 a - a +0 robe (worn)
 n - a cursed +0 scale mail
Scrolls
 e - a scroll of fear {unknown}
 i - a scroll of identify {unknown}
Potions
 j - a potion of lignification {unknown}
 k - a potion of heal wounds {unknown}
 m - a potion of curing {unknown}
 o - a potion of mutation {unknown}
Books
 b - a book of Air

   Spells                             Type                      Level
   a - Shock                          Conjuration/Air              1
   b - Swiftness                      Charms/Air                   2
   c - Repel Missiles                 Charms/Air                   2
   d - Static Discharge               Conjuration/Air              3
   e - Lightning Bolt                 Conjuration/Air              5
Comestibles
 c - a bread ration
 g - 2 slices of pizza


   Skills:
 + Level 2.2 Fighting
 - Level 1.3 Dodging
 - Level 1.2 Stealth
 - Level 1.5 Spellcasting
 - Level 0.8 Conjurations
 - Level 2.6 Air Magic


You had 3 spell levels left.
You knew the following spells:

 Your Spells              Type           Power        Failure   Level  Hunger
a - Shock                 Conj/Air       #...         14%         1    ##.....


Dungeon Overview and Level Annotations

Branches:
Dungeon (1/15)

Altars:
Ashenzari


Innate Abilities, Weirdness & Mutations

You have hooves in place of feet.
Armour fits poorly on your strangely shaped body.
You cover ground very quickly.
You have extremely tough skin (AC +3).


Message History

You are too injured to fight recklessly!
You are too injured to fight recklessly!
You are too injured to fight recklessly!
You are too injured to fight recklessly!
You are too injured to fight recklessly!
You are too injured to fight recklessly!
You are too injured to fight recklessly!
You are too injured to fight recklessly!
You are too injured to fight recklessly!
You are too injured to fight recklessly!
You are too injured to fight recklessly!
You are too injured to fight recklessly!
You are too injured to fight recklessly!
You are too injured to fight recklessly!
You are too injured to fight recklessly!
You are too injured to fight recklessly!
You barely miss the gnoll.
The gnoll is heavily wounded.
The gnoll hits you with a whip!
You die...

#.# #.._.
#)# #.#.#
#.# ###.#..
#.####....#.
#...........
#..###....##
#########
#..#......+.
......g.#
#..#.#....##
#@#
#..#.#######
#.#
#..#.#....##
#.#
#..#.#....##
#.#
#..#.#......
#.#
#..#.#....##
#.#
#.#....##
#.#
#.'....##
#.#
###....##
#.# #....##


You could see a gnoll.

Vanquished Creatures
  A bat (D:1)
  2 giant cockroaches (D:1)
  A goblin (D:1)
  3 hobgoblins (D:1)
  2 ball pythons (D:1)
  2 giant newts (D:1)
  3 kobolds (D:1)
  4 rats (D:1)
18 creatures vanquished.

Notes
Turn   | Place    | Note
--------------------------------------------------------------
     0 | D:1      | Chiseanne the Centaur Air Elementalist began the quest for the Orb.
     0 | D:1      | Reached XP level 1. HP: 14/14 MP: 3/3
    38 | D:1      | Found a shattered altar of Ashenzari.
   136 | D:1      | Reached skill level 1 in Fighting
   298 | D:1      | Reached XP level 2. HP: 18/24 MP: 4/4
   627 | D:1      | HP: 1/24 [gnoll/whip (7)]
   628 | D:1      | Mangled by a gnoll

Vault maps used:
D:1:      dpeg_arrival_radiant, ashenzari_altar_1

Action                   || total
-------------------------++-------
Melee: Whip              ||    18
       Hand axe          ||    38
       Unarmed           ||     4
 Cast: Shock             ||     3
